 Dungeon Crawl Stone Soup version 0.20-a0-1122-gb7cbeb9 (webtiles) character file.

1999 Gorglomux the Grappler (level 9, -3/66 (68) HPs)
             Began as a Formicid Transmuter on May 14, 2017.
             Was a Believer of Okawaru.
             Slain by a wight
             ... wielding a +5 spear
              (9 damage)
             ... on level 6 of the Dungeon.
             The game lasted 00:14:28 (7166 turns).

Gorglomux the Grappler (Formicid Transmuter)        Turns: 7166, Time: 00:14:29

HP:   -3/66 (68)    AC:  5    Str: 21    XL:     9   Next: 45%
MP:   11/17         EV: 13    Int: 16    God:    Okawaru [**....]
Gold: 374           SH:  0    Dex: 11    Spells: 7/18 levels left

rFire    . . .     SeeInvis +     - Unarmed
rCold    . . .     Gourm    .   (no shield)
rNeg     . . .     Faith    .   b - +0 robe
rPois    .         Spirit   .   (helmet unavailable)
rElec    .         Reflect  .   p - +0 cloak
rCorr    .         Harm     .   y - +1 pair of gloves
MR       .....                  f - +0 pair of boots
Stlth    +.........             (no amulet)
Regen    0.3/turn               u - +6 ring of strength
MPRegen  0.2/turn               n - ring of flight {+Fly, !d}

@: heroism, contaminated, glowing, heavily drained
A: permanent stasis, dig shafts and tunnels, four strong arms, antennae 3,
deformed body
a: Dig, Shaft Self, Heroism, Renounce Religion, Evoke Flight


You were on level 6 of the Dungeon.
You worshipped Okawaru.
Okawaru was pleased with you.
You were very hungry.

You visited 1 branch of the dungeon, and saw 6 of its levels.
You also visited: Ossuary.

You collected 374 gold pieces.

Inventory:

Missiles
 a - 145 arrows
Armour
 b - a +0 robe (worn)
 f - a +0 pair of boots (worn)
   (You found it on level 1 of the Dungeon)
 p - a +0 cloak (worn)
   (You took it off Crazy Yiuf on level 3 of the Dungeon)
 y - a +1 pair of gloves (worn)
   (You found it on level 5 of the Dungeon)
Jewellery
 i - an uncursed ring of stealth {Stlth+}
   (You found it on level 1 of the Dungeon)
 n - a ring of flight (right hand) {+Fly, !d}
   (You found it on level 3 of the Dungeon)
 u - a +6 ring of strength (left hand)
   (You found it on level 4 of the Dungeon)
Scrolls
 e - 6 scrolls of remove curse
 g - 2 scrolls of amnesia {unknown}
 h - a scroll of enchant armour {unknown}
 j - a scroll of fear {unknown}
 k - a scroll of random uselessness {unknown}
 q - a scroll of fog {unknown}
 t - a scroll of blinking {!r}
 v - 3 scrolls of teleportation {unknown}
 E - a scroll of enchant weapon {unknown}
 F - a scroll of immolation {unknown}
Potions
 l - 3 potions of lignification {!q}
 m - 2 potions of heal wounds
 r - a potion of might
 x - a potion of brilliance
 z - a potion of invisibility {unknown}
 A - 2 potions of curing
 B - a potion of resistance
 D - a potion of agility {unknown}
Books
 c - a book of Changes
Comestibles
 d - 5 bread rations {@e1@e1}
 o - 4 fruits
 s - 2 meat rations {@e2@e2}
 w - a royal jelly


   Skills:
 + Level 5.3(7.5) Fighting
 - Level 1.7(4.1) Dodging
 * Level 8.2(10.2) Unarmed Combat
 - Level 5.3(2.9) Spellcasting
 * Level 6.4(3.8) Transmutations
 - Level 1.0(0.0) Poison Magic


You had 7 spell levels left.
You knew the following spells:

 Your Spells              Type           Power        Failure   Level  Hunger
a - Beastly Appendage     Tmut           ##....       3%          1    #......
c - Spider Form           Tmut/Pois      #.........   26%         3    ###....
s - Sticks to Snakes      Tmut           ##......     6%          2    ##.....
x - Blade Hands           Tmut           ##........   71%         5    ######.


Dungeon Overview and Level Annotations

Branches:
Dungeon (6/15)             Temple (0/1) D:5

Altars:
Ashenzari
Fedhas
Hepliaklqana
Kikubaaqudgha
Makhleb
Nemelex Xobeh
Okawaru
Sif Muna
Uskayaw
Xom
Yredelemnul
Zin


Innate Abilities, Weirdness & Mutations

You cannot be hasted, slowed, berserked, paralysed or teleported.
You can dig through walls and to a lower floor.
Your four strong arms can wield two-handed weapons with a shield.
You have a pair of large antennae on your head. (SInv)
Armour fits poorly on your strangely shaped body.


Message History

You close the door.
Something unseen opens the door.
You close the door.
Something unseen opens the door.
You close the door.
Something unseen opens the door.
You close the door.
Something unseen opens the door.
You close the door.
Something unseen opens the door.
You close the door.
Something unseen opens the door.
As you close the door, it creaks loudly!
Something unseen opens the door.
You close the door.
Something unseen opens the door.
You close the door.
Something unseen opens the door.
You close the door.
Something unseen opens the door.
You close the door.
Something unseen opens the door.
You close the door.
Something unseen opens the door.
You close the door.
Something unseen opens the door.
You close the door.
Something unseen opens the door.
You close the door.
Something unseen opens the door.
You close the door.
Something unseen opens the door.
You close the door.
Something unseen opens the door.
You close the door.
Something unseen opens the door.
You close the door.
Something unseen opens the door.
You close the door.
Something unseen opens the door.
You close the door.
Something unseen opens the door.
You close the door.
Something unseen opens the door.
You close the door.
Something unseen opens the door.
You close the door.
Something unseen opens the door.
You close the door.
Something unseen opens the door.
You close the door.
Something unseen opens the door.
You close the door.
Something unseen opens the door.
You close the door.
Something unseen opens the door.
You close the door.
Something unseen opens the door.
You close the door.
Something unseen opens the door.
You close the door.
Something unseen opens the door.
You close the door.
Something unseen opens the door.
You close the door.
Something unseen opens the door.
You close the door.
Something unseen opens the door.
You close the door.
Something unseen opens the door.
You close the door.
Something unseen opens the door.
You close the door.
Something unseen opens the door.
You close the door.
Something unseen opens the door.
You close the door.
Something unseen opens the door.
There's a creature in the doorway!
There's a creature in the doorway!
There's a creature in the doorway!
There's a creature in the doorway!
There's a creature in the doorway!
There's a creature in the doorway!
There's a creature in the doorway!
There's a creature in the doorway!
There's a creature in the doorway!
There's a creature in the doorway!
There's a creature in the doorway!
There's a creature in the doorway!
There's a creature in the doorway!
There's a creature in the doorway!
There's a creature in the doorway!
The wight hits you from afar with an enchanted spear.
You feel drained.
You take 5 damage, and have 29/66 hp.
The spell is very dangerous to cast!
Continue anyway?
You miscast Blade Hands.
You are very lightly contaminated with residual magic.
You are heavily infused with residual magic.
You are feeling very hungry.
The wight hits you but does no damage.
You feel less contaminated with magical energies.
You now have 12/17 mp.
You gain the combat prowess of a mighty hero.
The wight hits you from afar with an enchanted spear.
You feel drained.
You take 4 damage, and have 26/66 hp.
You now have 10/17 mp.
The wight closely misses you.
You hit the wight. Your punch misses the wight. You closely miss the wight.
The wight hits you but does no damage.
You barely miss the wight.
The wight hits you with an enchanted spear.
You take 3 damage, and have 24/66 hp.
You closely miss the wight.
The wight hits you with an enchanted spear.
You feel drained.
* * * LOW HITPOINT WARNING * * *
You take 5 damage, and have 19/66 hp.
You hit the wight but do no damage.
The wight hits you with an enchanted spear.
* * * LOW HITPOINT WARNING * * *
You take 5 damage, and have 14/66 hp.
Unknown command.
You hit the wight.
Your body shudders with the violent release of wild energies!
Your body twists and deforms.
Unknown command.
You hit the wight. The wight hits you but does no damage.
You closely miss the wight.
The wight hits you with an enchanted spear!
* * * LOW HITPOINT WARNING * * *
You feel drained.
* * * LOW HITPOINT WARNING * * *
You take 9 damage, and have 6/66 hp.
You barely miss the wight.
The wight hits you with an enchanted spear!
You die...

#.######..##...#####
#.###.######'####..#
..........##...##...
...........#....#..#########
...........+....#..##......#
.###.###..##....#.......#...#
.#)#.###..##...##.......# .#
..#...<...##...##.......# #####
..#...<....+...(@z.###'######....
.##..##...##.......##..##..##....
.##..##...##........#...#...'....
.##+###...###########...#...#....
.# #...##...## #..##..###### ##
#..<......# #..##..##..##
#+####....# #......#..... ######
#......#..... #..##..#.....


You could see a wight.

Vanquished Creatures
  Eustachio (D:4)
  Edmund (D:5)
  The ghost of Amnesiac the Ducker, an amateur DEIE (Ossuary)
  A black bear (D:6)
  A phantom (D:5)
  2 sky beasts (D:5)
  A necrophage (D:5)
  An ogre (D:6)
  A centaur (D:6)
  A scorpion (D:5)
  2 howler monkeys
  4 wights (D:6)
  A human zombie (Ossuary)
  An orc priest (D:4)
  Crazy Yiuf (D:3)
  A centaur skeleton (D:6)
  3 orc wizards (D:4)
  6 worker ants
  3 hound zombies (Ossuary)
  2 hound skeletons (D:5)
  4 mummies
  3 gnolls (D:3)
  5 adders (D:3)
  7 river rats (D:5)
  A shadow imp (D:5)
  2 adder zombies
  An adder skeleton (D:4)
  A worm (D:4)
  2 dart slugs
  3 leopard geckos
  16 orcs
  5 giant cockroaches
  4 gnoll zombies (Ossuary)
  10 goblins
  4 hobgoblins
  8 jackals
  8 kobolds
  2 quokkas
  A ball python (D:4)
  12 bats
  7 frilled lizards
  2 goblin zombies (Ossuary)
  2 hobgoblin zombies
  7 jackal zombies (Ossuary)
  5 kobold zombies
  4 orc zombies (Ossuary)
  4 quokka zombies (Ossuary)
  20 rats
  3 rat zombies (Ossuary)
188 creatures vanquished.

Vanquished Creatures (collateral kills)
  An adder (D:1)
1 creature vanquished.

Grand Total: 189 creatures vanquished

Notes
Turn   | Place    | Note
-------+----------+-------------------------------------------
     0 | D:1      | Gorglomux the Formicid Transmuter began the quest for the Orb.
     0 | D:1      | Reached XP level 1. HP: 15/15 MP: 3/3
   275 | D:1      | Reached XP level 2. HP: 19/21 MP: 3/5
   293 | D:1      | Learned a level 2 spell: Sticks to Snakes
   816 | D:1      | Reached XP level 3. HP: 13/26 MP: 4/6
  1378 | D:2      | Reached XP level 4. HP: 32/32 MP: 5/7
  1744 | D:2      | Reached skill level 4 in Unarmed Combat
  1760 | D:2      | Learned a level 3 spell: Spider Form
  1862 | D:2      | Found a faded altar of an unknown god.
  2494 | D:3      | Reached skill level 2 in Fighting
  2574 | D:3      | Reached XP level 5. HP: 38/38 MP: 5/9
  2626 | D:3      | Reached skill level 3 in Spellcasting
  2647 | D:3      | Found a runed door.
  2700 | D:3      | Noticed Crazy Yiuf
  2706 | D:3      | Killed Crazy Yiuf
  2706 | D:3      | Reached skill level 3 in Transmutations
  2706 | D:3      | Reached skill level 1 in Poison Magic
  3108 | D:3      | Reached XP level 6. HP: 46/46 MP: 7/10
  3118 | D:3      | Gorglomux: perfect timing for a killhole
  3584 | D:4      | Found a shimmering altar of Xom.
  3603 | D:4      | Found a hazy altar of Hepliaklqana.
  3603 | D:4      | Found an iron altar of Okawaru.
  3607 | D:4      | Found a glowing silver altar of Zin.
  3608 | D:4      | PeterMcNeter: i only ever looked for killholes, never bothered to make ones myself
  3608 | D:4      | Found a sparkling altar of Nemelex Xobeh.
  3612 | D:4      | sour: lol
  3612 | D:4      | PeterMcNeter: one*
  3612 | D:4      | sour: formicids do that
  3612 | D:4      | Gorglomux: well thats really useful in zot or s4 branchs for exampls
  3612 | D:4      | sour: --> Formicids are like this
  3614 | D:4      | Gorglomux: !rng oka chei chei
  3614 | D:4      | beem: The RNG chooses: oka.
  3617 | D:4      | Became a worshipper of Warmaster Okawaru
  3680 | D:4      | Found a shattered altar of Ashenzari.
  3867 | D:4      | Reached skill level 5 in Unarmed Combat
  3951 | D:4      | Noticed Eustachio
  3964 | D:4      | Reached skill level 3 in Fighting
  3990 | D:4      | Killed Eustachio
  3990 | D:4      | Reached XP level 7. HP: 33/52 MP: 5/12
  4287 | D:4      | Found a basalt altar of Yredelemnul.
  4349 | D:4      | Found a blossoming altar of Fedhas.
  4543 | D:5      | Gorglomux: orc packs are nuts with a hole
  4543 | D:5      | Entered Level 5 of the Dungeon
  4624 | D:5      | Found an ancient bone altar of Kikubaaqudgha.
  4635 | D:5      | Reached skill level 4 in Transmutations
  4661 | D:5      | Reached * piety under Okawaru
  4688 | D:5      | Reached skill level 6 in Unarmed Combat
  4688 | D:5      | Reached skill level 4 in Spellcasting
  4698 | D:5      | Reached XP level 8. HP: 34/58 MP: 7/14
  4701 | D:5      | Reached skill level 4 in Fighting
  4811 | D:5      | sour: !rng abit allofit none
  4812 | D:5      | beem: The RNG chooses: abit.
  4990 | D:5      | Found a staircase to the Ecumenical Temple.
  5020 | D:5      | HP: 14/58 [shadow imp/nerve-wracking pain (7)]
  5022 | D:5      | sour: !rng abit allofit none
  5022 | D:5      | beem: The RNG chooses: abit.
  5022 | D:5      | sour: !rng abit allofit none
  5022 | D:5      | beem: The RNG chooses: abit.
  5022 | D:5      | sour: !rng abit allofit none
  5022 | D:5      | beem: The RNG chooses: abit.
  5023 | D:5      | sour: !rng abit allofit none
  5025 | D:5      | beem: The RNG chooses: none.
  5028 | D:5      | HP: 11/58 [hound skeleton (2)]
  5031 | D:5      | sour: that rng doe
  5041 | D:5      | Reached skill level 5 in Transmutations
  5160 | D:5      | Found a sand-covered staircase.
  5175 | D:5      | Learned a level 5 spell: Blade Hands
  5262 | Ossuary  | Entered an ossuary
  5262 | Ossuary  | Noticed Amnesiac's ghost (amateur DEIE)
  5272 | Ossuary  | Killed Amnesiac's ghost
  5272 | Ossuary  | Reached ** piety under Okawaru
  5272 | Ossuary  | Reached skill level 7 in Unarmed Combat
  6027 | D:5      | Noticed Edmund
  6041 | D:5      | Killed Edmund
  6041 | D:5      | Reached XP level 9. HP: 45/64 MP: 13/16
  6332 | D:5      | Reached skill level 5 in Spellcasting
  6399 | D:5      | Found a burning altar of Makhleb.
  6399 | D:5      | Found a faded altar of an unknown god.
  6404 | D:5      | Found a faded altar of an unknown god.
  6406 | D:5      | Found a deep blue altar of Sif Muna.
  6411 | D:5      | Found a hide-covered altar of Uskayaw.
  6546 | D:6      | Reached skill level 5 in Fighting
  6807 | D:6      | Reached skill level 8 in Unarmed Combat
  6832 | D:6      | Reached skill level 6 in Transmutations
  7025 | D:6      | HP: 14/66 [wight/enchanted spear (5)]
  7162 | D:6      | HP: 14/66 [wight/enchanted spear (5)]
  7163 | D:6      | Gained mutation: Armour fits poorly on your strangely shaped body. [mutagenic glow]
  7165 | D:6      | HP: 6/66 [wight/enchanted spear (1)]
  7166 | D:6      | Slain by a wight

Vault maps used:
D:1:      lemuel_arrival_lava_pool, minmay_tetromino_s4
D:2:      chequers_ecumenical_altar_simple
D:3:      dk_noncrumbling_2, uniq_crazy_yiuf_cottage
D:4:      cheibrodos_pilgrimage, lemuel_crystal_altar, ashenzari_altar_1,
          nicolae_overflow_crystal_walls, minitemple, first_bread,
          fedhas_altar_1, uniq_eustachio
D:5:      kiku_gazebo_pond_becter, chequers_temple_overflow_minitemple,
          minmay_temple_entry_statues_fountains, nicolae_ossuary_entry_giza,
          dk_rats_in_the_wall, uniq_edmund
Ossuary:  minmay_ossuary_two_tombs

Skill      XL: |  1  2  3  4  5  6  7  8  9 |
---------------+----------------------------+-----
Unarmed Combat | 4 5 6 7 8 |  8.2
Fighting       | 2 3 4 5 |  5.3
Spellcasting   | 3 4 5 |  5.3
Transmutations | 3 4 5 6 |  6.4
Poison Magic   | 1 |  1.0
Dodging        | |  1.7

Action                   |  1- 3 |  4- 6 |  7- 9 || total
-------------------------+-------+-------+-------++-------
Melee: Unarmed           |   127 |   147 |   292 ||   566
       Kick              |    21 |     5 |    10 ||    36
       Punch             |     1 |     1 |     5 ||     7
 Cast: Beastly Appendage |    22 |    13 |     5 ||    40
       Sticks to Snakes  |     2 |     1 |     7 ||    10
       Spider Form       |       |    27 |    28 ||    55
       Blade Hands       |       |       |     2 ||     2
Invok: Heroism           |       |       |     3 ||     3
 Abil: Dig               |     5 |     3 |     5 ||    13
       End Transformatio |       |     1 |     2 ||     3
  Use: Scroll            |       |       |     9 ||     9
 Stab: Sleeping          |       |     8 |       ||     8
  Eat: Chunk             |     3 |    12 |    12 ||    27
       Royal jelly       |       |       |     1 ||     1
Armor: Robe              |    35 |    13 |    20 ||    68
       Skin              |       |     8 |     4 ||    12
Dodge: Dodged            |   101 |    96 |   170 ||   367

Vault maps used:
D:1:      lemuel_arrival_lava_pool, minmay_tetromino_s4
D:2:      chequers_ecumenical_altar_simple
D:3:      dk_noncrumbling_2, uniq_crazy_yiuf_cottage
D:4:      cheibrodos_pilgrimage, lemuel_crystal_altar, ashenzari_altar_1,
          nicolae_overflow_crystal_walls, minitemple, first_bread,
          fedhas_altar_1, uniq_eustachio
D:5:      kiku_gazebo_pond_becter, chequers_temple_overflow_minitemple,
          minmay_temple_entry_statues_fountains, nicolae_ossuary_entry_giza,
          dk_rats_in_the_wall, uniq_edmund
Ossuary:  minmay_ossuary_two_tombs

Table legend:
 A = Turns spent in this place as a percentage of turns spent in the entire game.
 B = Non-inter-level travel turns spent in this place as a percentage of non-inter-level travel turns spent in the entire game.
 C = Inter-level travel turns spent in this place as a percentage of turns spent in this place.
 D = Turns resting spent in this place as a percentage of non-inter-level travel turns spent in this place.
 E = Turns spent auto-exploring this place as a percentage of non-inter-level travel turns spent in this place.
 F = Non-inter-level travel turns spent in this place divided by the number of levels of this place that you've seen.
                   A       B       C       D       E      F
               +-------+-------+-------+-------+-------+----------------------
         Total | 100.0 | 100.0 |   0.3 |   4.1 |   7.1 | 384.7
       Dungeon |  87.4 |  87.4 |   0.3 |   4.4 |   8.0 | 392.2
       Ossuary |  12.6 |  12.6 |   0.0 |   1.8 |   0.3 | 340.0
               +-------+-------+-------+-------+-------+----------------------

Table legend:
 A = Kills in this place as a percentage of kills in entire the game.
 B = Kills by you in this place as a percentage of kills by you in the entire game.
 C = Kills by friends in this place as a percentage of kills by friends in the entire game.
 D = Other kills in this place as a percentage of other kills in the entire game.
 E = Experience gained in this place as a percentage of experience gained in the entire game.
 F = Experience gained in this place divided by the number of levels of this place that you have seen.
                   A       B       C       D       E      F
               +-------+-------+-------+-------+-------+----------------------
         Total | 100.0 | 100.0 | 100.0 |  -nan | 100.0 | 408.1
       Dungeon |  79.9 |  79.8 | 100.0 |  -nan |  87.8 | 418.2
       Ossuary |  20.1 |  20.2 |   0.0 |  -nan |  12.2 | 348.0
               +-------+-------+-------+-------+-------+----------------------
